AoeStats
← bullseyes

African Clearing

506388388Analyzed
4v4 RM · 19d ago on Sep 13, 2026· 35m 9s· 8 players
Game mode
Random Map
Map size
Large (8 player)
Population
200
Speed
Normal
Resources
Standard
Victory
Conquest
Starting age
Dark Age
Ending age
Imperial Age
RankedLock teamsTeams togetherTeam positionsShared explorationLock speedFull tech treeHidden civsTurbo modeCheats
Victory
Defeat
🇭🇰 Magyars · Hong Kong SAR China
1740
+12
🇨🇳 Georgians · China
1702
+14
🇹🇼 Wu · Taiwan
1615
+17
🇭🇰 Jurchens · Hong Kong SAR China
1565
+19
🇧🇪 Hindustanis · Belgium
1744
-19
🇨🇴 Mapuche · Colombia
1646
-16
🇧🇪 Wei · Belgium
1608
-14
🇺🇸 Vietnamese · United States
1577
-13
JINX
10:29 Loom
12:32 Feudal Age
18:27 Castle Age
16:45 Double-Bit Axe
18:20 Fletching
20:12 Gold Mining
23:42 Town Watch
25:58 Bodkin Arrow
27:05 Bow Saw
29:23 Wheelbarrow
28:53 Horse Collar
29:55 Ballistics
30:38 Padded Archer Armor
33:10 Gold Shaft Mining
34:31 Hand Cart
bullseyes
10:54 Loom
13:29 Feudal Age
17:21 Castle Age
15:15 Horse Collar
15:50 Double-Bit Axe
15:59 Gold Mining
16:00 Town Watch
26:30 Wheelbarrow
27:07 Ballistics
27:53 Stone Mining
29:19 Bow Saw
30:34 Hand Cart
35:00 Imperial Age
33:51 Husbandry
34:20 Scale Barding Armor
35:10 Gold Shaft Mining
35:04 Bloodlines
FlyingSaucer_
2:51 Loom
13:34 Feudal Age
14:01 Double-Bit Axe
13:58 Fishing Lines
15:37 Town Watch
20:54 Castle Age
21:40 Fletching
22:46 Bow Saw
22:28 Gillnets
23:25 Bodkin Arrow
26:50 Ballistics
26:49 Padded Archer Armor
27:47 Thumb Ring
29:46 Horse Collar
32:59 Gold Mining
32:59 Stone Mining
35:07 Heavy Plow
Yann le Chef
11:14 Loom
13:35 Feudal Age
18:12 Castle Age
16:12 Double-Bit Axe
16:50 Fletching
16:53 Town Watch
18:54 Bodkin Arrow
19:12 Bow Saw
23:16 Ballistics
24:08 Horse Collar
28:46 Padded Archer Armor
32:53 Heavy Plow
34:50 Wheelbarrow
快樂 543
6:12 Loom
13:39 Feudal Age
16:02 Double-Bit Axe
18:24 Castle Age
16:53 Gold Mining
17:28 Scale Mail Armor
17:23 Horse Collar
19:31 Squires
21:30 Town Watch
21:49 Arson
23:15 Forging
28:39 Fletching
30:19 Wheelbarrow
32:49 Padded Archer Armor
33:04 Stone Mining
34:07 Chain Mail Armor
牛油果
7:46 Loom
12:09 Feudal Age
12:42 Double-Bit Axe
17:02 Horse Collar
18:38 Wheelbarrow
21:34 Scale Barding Armor
21:39 Forging
24:09 Castle Age
23:15 Bloodlines
25:08 Bow Saw
24:59 Heavy Plow
26:24 Hand Cart
32:47 Gold Mining
32:47 Stone Mining
36:58 Imperial Age
34:14 Town Watch
35:33 Gold Shaft Mining
35:33 Stone Shaft Mining
Random Civ Pocket
9:47 Loom
11:51 Feudal Age
13:40 Loom
21:19 Castle Age
20:56 Scale Barding Armor
22:06 Light Cavalry
26:11 Bloodlines
31:26 Chain Barding Armor
31:11 Double-Bit Axe
tim.13
3:56 Loom
13:35 Feudal Age
17:37 Castle Age
15:25 Double-Bit Axe
17:55 Wheelbarrow
18:52 Bow Saw
23:28 Gold Mining
23:33 Horse Collar
26:14 Stone Mining
32:04 Imperial Age
30:00 Town Watch
30:32 Hand Cart
30:15 Fletching
30:54 Bodkin Arrow
31:10 Svan Towers
32:16 Scale Barding Armor
32:38 Bloodlines
32:28 Husbandry
33:18 Stone Shaft Mining
33:24 Chain Barding Armor
33:06 Bracer
33:36 Forging
34:24 Conscription
34:54 Plate Barding Armor
34:27 Heavy Plow
35:04 Ballistics
35:44 Chemistry
34:30 Arrowslits
34:36 Guard Tower
35:08 Elite Monaspa
Connection lost

Rejoining the realm…

Still unreachable

The connection could not be restored.

Session expired

The server has moved on; the page needs a fresh start.